 Dungeon Crawl Stone Soup version 0.15-a0-1506-g1b030bc (webtiles) character file.

34 Psiweapon the Vexing (level 3, -1/20 HPs)
             Began as a Kobold Arcane Marksman on June 15, 2014.
             Slain by Ijyb
             ... wielding a +2,+2 dagger of freezing
              (5 damage)
             ... on Level 2 of the Dungeon.
             The game lasted 00:04:45 (918 turns).

Psiweapon the Vexing (Kobold Arcane Marksman)        Turns: 918, Time: 00:04:46

HP  -1/20        AC  3     Str  9      XL: 3   Next: 50%
MP   4/4         EV 12     Int 12      God:
Gold 19          SH  0     Dex 15      Spells:  1 memorised,  3 levels left

rFire  . . .     SeeInvis .     b - +0 crossbow
rCold  . . .     Clarity  .     n - +0 leather armour
rNeg   . . .     rCorr    .     (no shield)
rPois  .         rRot     .     (no helmet)
rElec  .         Spirit   .     (no cloak)
SustAb .         Warding  .     (no gloves)
rMut   .         Stasis   .     (no boots)
Gourm  .                        (no amulet)
MR     .....                    (no ring)
                                (no ring)

@: not resistant to hostile enchantments, very unstealthy
A: carnivore 3
a: no special abilities


You were on level 2 of the Dungeon.
You were very full.

You visited 1 branch of the dungeon, and saw 2 of its levels.

You collected 19 gold pieces.

Inventory:

Hand weapons
 b - a +0,+0 crossbow (weapon)
 j - a +2,+1 whip of venom
 k - a +0,+0 dagger
Missiles
 c - 12 bolts (quivered)
Armour
 a - a +0 robe
 n - a +0 leather armour (worn)
Comestibles
 f - 3 meat rations
 s - a slice of pizza
Scrolls
 g - a scroll of immolation {unknown}
 h - a scroll of identify {unknown}
 i - a scroll of teleportation {unknown}
 o - a scroll of blinking {unknown}
 r - a scroll of enchant weapon II {unknown}
Jewellery
 q - an uncursed ring of fire
Potions
 l - a potion of confusion
 m - a potion of curing {unknown}
 p - a potion of invisibility {unknown}
Books
 d - a book of Debilitation

   Spells                             Type                      Level
   *Corona                            Hexes                        1
   Slow                               Hexes                        2
   Inner Flame                        Hexes/Fire                   3
   Enslavement                        Hexes                        4
   Cause Fear                         Hexes                        4
   Leda's Liquefaction                Hexes/Earth                  4


   Skills:
 + Level 1.1 Fighting
 + Level 3.3 Crossbows
 + Level 2.7 Dodging
 + Level 1.1 Spellcasting
 + Level 3.6 Hexes


You had 3 spell levels left.
You knew the following spells:

 Your Spells              Type           Power        Failure   Level  Hunger
a - Corona                Hex            #......      10%         1    ##.....


Dungeon Overview and Level Annotations

Branches:
Dungeon (2/15)

Altars:

Annotations:
D:2 Ijyb


Innate Abilities, Weirdness & Mutations

You are small and have problems with some larger weapons.
You are carnivorous and can eat meat at any time.


Message History

You shoot a bolt. The bolt closely misses Ijyb.
Ijyb barely misses you.
Ijyb hits you with a dagger of freezing.
* * * LOW HITPOINT WARNING * * *
Ijyb freezes you.
* * * LOW HITPOINT WARNING * * *
Your magical contamination has completely faded away.
You see here a robe.
Drink which item? (? for menu, Esc to quit)
You are confused.
It was a potion of confusion.
Ijyb hits you with a dagger of freezing.
* * * LOW HITPOINT WARNING * * *
Ijyb freezes you.
* * * LOW HITPOINT WARNING * * *
You feel less confused.
You see here a dagger.
Drink which item? (? for menu, Esc to quit)
You feel refreshed.
It was a potion of restore abilities.
Ijyb hits you with a dagger of freezing.
You die...

#.# #.# ### ###.##### #.. ##+#
#.......# #.# ##...## #.#.###.#
#.# #.....## #.#.###.# #.####
.......###.#<.##)# #.##.##
........##.#....g#######.#...####
........'.......@...(...........(
........##.#...#[#######.#...####
.......###.##.##.# #.##.##
#.....## #.......# #.#### ##...##
#######.# #.# ##'## ##.## #.# #.#
#...# #.# #.######## #...# #.#
##.#......# #...# #..


You could see Ijyb.

Vanquished Creatures
  An adder (D:2)
  A worm (D:2)
  A ball python (D:1)
  3 giant cockroaches (D:1)
  A hobgoblin (D:1)
  5 kobolds (D:1)
  A bat (D:1)
  3 giant newts (D:1)
  2 goblins
  3 rats (D:1)
21 creatures vanquished.

Notes
Turn   | Place    | Note
--------------------------------------------------------------
     0 | D:1      | Psiweapon, the Kobold Arcane Marksman, began the quest for the Orb.
     0 | D:1      | Reached XP level 1. HP: 12/12 MP: 2/2
   193 | D:1      | Reached XP level 2. HP: 16/16 MP: 3/3
   773 | D:2      | Reached XP level 3. HP: 18/20 MP: 0/4
   869 | D:2      | Noticed Ijyb
   918 | D:2      | Slain by Ijyb

Action                   || total
-------------------------++-------
Melee: Dagger            ||     7
 Fire: Crossbow          ||    46
 Cast: Corona            ||     8
  Use: Potion            ||     2
